 Seeded DCSS version 0.29-a0-838-g385bb11a5b (webtiles) character file.

Game seed: 8897551386731462229 (custom seed)

377 wilfster70 the Shield-Bearer (level 6, -18/39 HPs)
             Began as a Gargoyle Fighter on July 13, 2022.
             Was an Initiate of Gozag.
             Demolished by an ogre
             ... wielding a +0 giant club
              (25 damage)
             ... on level 5 of the Dungeon.
             The game lasted 00:08:15 (3301 turns).

wilfster70 the Shield-Bearer (Gargoyle Fighter)     Turns: 3301, Time: 00:08:15

Health: -18/39     AC: 19    Str: 19    XL:     6   Next: 73%
Magic:  6/6        EV:  5    Int: 24    God:    Gozag
Gold:   250        SH:  4    Dex:  9    Spells: 5/5 levels left

rFire   . . .      SeeInvis .   a - +3 war axe
rCold   . . .      Faith    .   c - +0 buckler
rNeg    + . .      Spirit   .   n - +0 plate armour
rPois   ∞          Reflect  .   g - +1 helmet {Int+3}
rElec   +          Harm     .   (no cloak)
rCorr   .          Rampage  +   f - +0 pair of gloves
Will    .....                   (no boots)
Stlth   ..........              h - amulet of Recklessness {Rampage Regen+ Int+10}
HPRegen 0.93/turn               (no ring)
MPRegen 0.10/turn               (no ring)

@: no status effects
A: sickness immunity, AC +4, negative energy resistance 1, electricity
resistance, torment resistance 1, petrification resistance
a: Renounce Religion, Potion Petition, Call Merchant, Bribe Branch


You were on level 5 of the Dungeon.
You worshipped Gozag.
Gozag was aware of your devotion.
You visited 1 branch of the dungeon, and saw 5 of its levels.

You collected 351 gold pieces.
You paid 101 gold pieces to Gozag.

Inventory:

Hand Weapons
 a - a +3 war axe (weapon)
Missiles
 j - 3 atropa-tipped darts (quivered)
Armour
 c - a +0 buckler (worn)
 f - a +0 pair of gloves (worn)
 g - a +1 helmet of intelligence (worn)
 n - a +0 plate armour (worn)
Jewellery
 d - a ring of fire
 h - the amulet of Recklessness (around neck) {Rampage Regen+ Int+10}
   (You acquired it on level 1 of the Dungeon)

   [amulet of regeneration]

   Int:       It affects your intelligence (+10).
   Regen:     It increases your rate of health regeneration.
   Rampage:   It bestows one free step when moving towards enemies.
 q - a +4 ring of protection
Wands
 A - a wand of charming (4)
 B - a wand of roots (2)
Scrolls
 b - 5 scrolls of identify {unknown}
 i - 2 scrolls of poison {unknown}
 k - a scroll of magic mapping {unknown}
 l - 3 scrolls of noise {unknown}
 m - a scroll of enchant armour {unknown}
 o - 4 scrolls of teleportation {unknown}
 p - a scroll of vulnerability {unknown}
 r - 2 scrolls of amnesia {unknown}
 s - 2 scrolls of blinking {unknown}
 t - a scroll of enchant weapon {unknown}
 v - a scroll of brand weapon {unknown}
 x - a scroll of torment {unknown}
 y - a scroll of silence {unknown}
 z - a scroll of fog {unknown}
Potions
 e - 4 potions of curing
 u - a potion of mutation {unknown}
 w - a potion of flight {unknown}


   Skills:
 + Level 4.6 Fighting
 * Level 4.1 Axes
 + Level 4.6 Armour
 + Level 4.6 Shields


You had 5 spell levels left.
You didn't know any spells.
Your spell library contained the following spells:

 Spells                   Type           Power      Damage    Failure   Level
 Apportation              Tloc           0%         N/A       99%         1
 Necrotise                Necr           0%         1d4       99%         1
 Summon Small Mammal      Summ           0%         N/A       99%         1
 Ensorcelled Hibernation  Hex/Ice        0%         N/A       100%        2
 Passwall                 Tmut/Erth      0%         N/A       100%        2
 Swiftness                Air            0%         N/A       100%        3


Dungeon Overview and Level Annotations

Branches:
Dungeon (5/15)
 Temple: D:4-7

Altars:
Cheibriados
Fedhas
Gozag
Hepliaklqana
Kikubaaqudgha
Makhleb
Trog
Xom

Annotations:
D:4 2 transporters, kMk's ghost, amateur OpTm


Innate Abilities, Weirdness & Mutations

You are immune to sickness and miasma.
Your stone body is resilient. (AC +4)
You are immune to poison.
You resist negative energy. (rN+)
You are resistant to electric shocks. (rElec)
You are resistant to unholy torment.
You are immune to petrification.


Message History

Found a blackened glass wand, a scroll labelled SAMOG FIMUNTIE and a flail.
There is a stone staircase leading up here.
There are monsters nearby!
You rampage towards the ogre!
You rampage towards the ogre!
Found 7 stones.
The hound bites you but does no damage. You block the ogre's attack.
A white imp comes into view.
The white imp shouts!
You hit the ogre.
The ogre is lightly wounded.
You hit the hound. The hound barely misses you.
The hound bites you but does no damage.
You closely miss the hound.
The hound is moderately wounded.
You slash the ogre! The ogre hits you with a +0 giant club!
The hound bites you but does no damage. x2
You slash the ogre!
The ogre is almost dead.
You slash the hound! You block the hound's attack.
The ogre hits you with a +0 giant club!!
Ouch! That really hurt!
* * * LOW HITPOINT WARNING * * *
The white imp gestures at you.
The puff of frost hits you but does no damage.
The hound bites you but does no damage.
You are too injured to fight recklessly!
It was a potion of curing.
You feel better. The hound bites you but does no damage.
The ogre barely misses you. The white imp gestures at you.
The puff of frost hits you.
* * * LOW HITPOINT WARNING * * *
You hit the ogre but do no damage.
The ogre is almost dead.
You hit the hound. The hound bites you.
* * * LOW HITPOINT WARNING * * *
The hound bites you but does no damage.
The ogre hits you with a +0 giant club!!
Ouch! That really hurt!
You die...
Your body crumbles into a pile of gold.

$ ..# #####.. ..
##..... .(
..#..... ...
#.#....###...
##............
###......#.....
#.....Oh.#..#
#...5..@....#
#.##........##
###.......#
###.....###
#....<...#
#........../.
...............
.....##.......?.
..... #.##......


You could see an ogre, a hound and a white imp.

Vanquished Creatures
  A scorpion (D:4)
  An orc priest (D:3)
  An orc wizard (D:3)
  9 adders
  7 gnolls (D:3)
  3 worms
  2 dart slugs
  14 orcs
  7 ball pythons
  4 bats
  10 endoplasms
  4 giant cockroaches
  3 goblins
  6 hobgoblins
  4 jackals (D:1)
  11 kobolds
  7 frilled lizards
  A rat (D:3)
95 creatures vanquished.

Vanquished Creatures (others)
  A fungus (D:2)
1 creature vanquished.

Grand Total: 96 creatures vanquished

Notes
Turn   | Place    | Note
-------+----------+-------------------------------------------
     0 | D:1      | wilfster70 the Gargoyle Fighter began the quest for the
                  | Orb.
     0 | D:1      | Reached XP level 1. HP: 14/14 MP: 1/1
   310 | D:1      | Reached XP level 2. HP: 19/19 MP: 2/2
   532 | D:1      | Identified a scroll of acquirement
   532 | D:1      | Acquired a +1 helmet of intelligence
   584 | D:1      | Acquired the amulet of Recklessness {Rampage Regen+ Int+10}
   978 | D:2      | Reached XP level 3. HP: 23/23 MP: 3/3
  1131 | D:2      | Found a faded altar of an unknown god.
  1364 | D:2      | Reached XP level 4. HP: 29/29 MP: 4/4
  2051 | D:3      | Reached XP level 5. HP: 29/33 MP: 5/5
  2142 | D:3      | Found a shimmering altar of Xom.
  2237 | D:3      | Found a bloodstained altar of Trog.
  2363 | D:3      | Reached XP level 6. HP: 36/39 MP: 6/6
  2664 | D:4      | Found a burning altar of Makhleb.
  2755 | D:4      | Found an ancient bone altar of Kikubaaqudgha.
  2759 | D:4      | Found a hazy altar of Hepliaklqana.
  2959 | D:4      | Found a transporter.
  2962 | D:4      | Noticed kMk's ghost (amateur OpTm)
  2967 | D:4      | Found a transporter.
  3031 | D:4      | Found an opulent altar of Gozag.
  3045 | D:4      | Became a worshipper of Gozag Ym Sagoz the Greedy
  3144 | D:4      | Found a blossoming altar of Fedhas.
  3144 | D:4      | Found a snail-covered altar of Cheibriados.
  3294 | D:5      | Entered Level 5 of the Dungeon
  3299 | D:5      | HP: 1/39 [ogre/+0 giant club (26)]
  3301 | D:5      | Demolished by an ogre

Illustrated notes

Levels and vault maps discovered:
D:1:      lemuel_arrival_behind_the_door_large, layout_basic, minivault_24,
          dreamdust_wishing_well, moated_statue, minmay_hedge_maze
D:2:      layout_basic, dreamdust_ecumenical_altar_grove, eino_tiny_chamber,
          minmay_joined_circles
D:3:      layout_loops_ring, bloody_trog, mainiacjoe_overflow_tiny_flanked,
          minmay_fractal_squares_gapless_5
D:4:      layout_basic, bloody_makhleb, lemuel_crystal_altar,
          gammafunk_temple_overflow_pools, grunt_temple_overflow_open,
          gammafunk_ghost_mausoleum
D:5:      layout_cave_pools, minmay_misc_feat_x, uniq_blork_the_orc, uniq_pikel

Skill      XL: |  1  2  3  4  5  6 |
---------------+-------------------+-----
Axes           | 2 3 4 |  4.1
Armour         | 4 |  4.6
Fighting       | 4 |  4.6
Shields        | 4 |  4.6

Action                   |  1- 3 |  4- 6 || total
-------------------------+-------+-------++-------
Melee: War axe           |   108 |   229 ||   337
  Use: Scroll            |     2 |       ||     2
       Potion            |       |     2 ||     2
Armor: Scale mail        |    14 |       ||    14
       Plate armour      |    79 |   205 ||   284
Dodge: Dodged            |    40 |    58 ||    98
Block: Buckler           |    23 |    59 ||    82

Table legend: (Time is in decaauts)
 A = Elapsed time spent in this place.
 B = Non-inter-level travel time spent in this place.
 C = Inter-level travel time spent in this place.
 D = Time resting spent in this place.
 E = Time spent auto-exploring this place.
 F = Levels seen in this place.
 G = Mean time per level.
                   A        B        C        D        E       F      G
               +--------+--------+--------+--------+--------+-----+--------+
         Total |   3430 |   3302 |    128 |    314 |   1626 |   5 |  686.0 |
       Dungeon |   3430 |   3302 |    128 |    314 |   1626 |   5 |  686.0 |
               +--------+--------+--------+--------+--------+-----+--------+

Top non-repeatable levels by time:
     D:1: 964 daAuts
     D:2: 928 daAuts
     D:3: 887 daAuts
     D:4: 642 daAuts
     D:5: 7 daAuts
